 Dungeon Sprint DCSS version 0.17-a0-1840-g87820a2 (webtiles) character file.

257 KambridgeKobold the Covert (level 5, -8/25 HPs)
             Began as a Spriggan Assassin on Sept 16, 2015.
             Mangled by a slime creature (19 damage)
             ... in the Dungeon (Sprint I: "Red Sonja").
             The game lasted 00:02:22 (383 turns).

KambridgeKobold the Covert (Spriggan Assassin)       Turns: 383, Time: 00:02:22

Health: -8/25      AC:  4    Str:  7    XL:     5   Next: 93%
Magic:  6/6        EV: 28    Int: 12    God:
Gold:   162        SH:  0    Dex: 19    Spells: 0 memorised, 4 levels left

rFire  . . .     SeeInvis +     a - +2 dagger
rCold  . . .     Clarity  .     o - +1 robe
rNeg   . . .     SustAt   .     (shield restricted)
rPois  .         Gourm    .     (helmet restricted)
rElec  .         Spirit   .     d - +0 cloak
rCorr  .         Warding  .     (gloves unavailable)
rMut   .         NoTele   +     (boots unavailable)
MR     .....                    (no amulet)
Stlth  ++++++....               (no ring)
                                (no ring)

@: very quick, not resistant to hostile enchantments, very stealthy
A: unfitting armour, see invisible, herbivore 3, speed 3, slow metabolism 2
a: no special abilities


You were in the Dungeon.
You were not hungry.

You visited 1 branch You collected 162 gold pieces.

Inventory:

Hand weapons
 a - a +2 dagger (weapon)
 b - a +0 blowgun
Armour
 c - a +0 robe
 d - a +0 cloak (worn)
 o - a +1 robe (worn)
Magical devices
 n - a wand of teleportation (2)
Scrolls
 m - a scroll of blinking
Potions
 h - a potion of curing
 i - a potion of heal wounds
 j - 2 potions of haste
 k - 2 potions of magic
 l - a potion of berserk rage
Comestibles
 g - a bread ration


   Skills:
 + Level 1.5 Fighting
 + Level 2.1 Short Blades
 + Level 5.7 Throwing
 + Level 11.2 Dodging
 - Level 13.1 Stealth


You had 4 spell levels left.
You didn't know any spells.

Dungeon Overview and Level Annotations

Branches:
Dungeon (1/1)

Altars:
Cheibriados
Dithmenos
Fedhas
Jiyva


Innate Abilities, Weirdness & Mutations

You are tiny and cannot use many weapons and most armour.
You have supernaturally acute eyesight.
You are a herbivore.
You cover ground extremely quickly.
You need consume almost no food.


Message History

You hit the slime creature.
The slime creature is lightly wounded.
The slime creature completely misses you.
You hit the slime creature but do no damage.
The slime creature is lightly wounded.
The slime creature completely misses you.
You hit the slime creature.
The slime creature is moderately wounded.
The slime creature closely misses you.
You hit the slime creature.
The slime creature is moderately wounded.
The slime creature completely misses you.
You hit the slime creature.
The slime creature is moderately wounded.
The slime creature completely misses you.
You hit the slime creature.
The slime creature is moderately wounded.
The slime creature hits you!!
Ouch! That really hurt!
You die...

################ #
#<.#.)'((#.)'((#__
#..(.(#..'.(#..'^.
#..#####'#####+#__
#@.# #..# # #J(#
#### #..# #⌠⌠#
####


You could see a slime creature.

Vanquished Creatures
  Sigmund (D)
  An ogre (D)
  Ijyb (D)
3 creatures vanquished.

Notes
Turn   | Place    | Note
--------------------------------------------------------------
     0 | D        | KambridgeKobold the Spriggan Assassin began the quest for the Orb.
     0 | D        | Reached XP level 1. HP: 10/10 MP: 2/2
     1 | D        | Noticed Ijyb
     4 | D        | Killed Ijyb
     4 | D        | Reached skill level 6 in Dodging
     4 | D        | Reached skill level 8 in Stealth
     4 | D        | Reached XP level 2. HP: 14/14 MP: 3/3
     7 | D        | Noticed an ogre
    33 | D        | Killed an ogre
    33 | D        | Reached skill level 9 in Dodging
    33 | D        | Reached skill level 11 in Stealth
    33 | D        | Reached XP level 3. HP: 2/18 MP: 4/4
    33 | D        | Reached XP level 4. HP: 2/22 MP: 5/5
   319 | D        | Noticed Sigmund
   322 | D        | Killed Sigmund
   322 | D        | Reached skill level 5 in Throwing
   322 | D        | Reached skill level 13 in Stealth
   322 | D        | Reached XP level 5. HP: 25/25 MP: 6/6
   345 | D        | Found a snail-covered altar of Cheibriados.
   345 | D        | Found a viscous altar of Jiyva.
   345 | D        | Found a shadowy altar of Dithmenos.
   345 | D        | Found a blossoming altar of Fedhas.
   345 | D        | Noticed a slime creature
   383 | D        | Mangled by a slime creature

Vault maps used:
D:        dungeon_sprint_1

Action                   |  1- 3 |  4- 6 || total
-------------------------+-------+-------++-------
Melee: Dagger            |     5 |     9 ||    14
 Fire: Blowgun           |     4 |     8 ||    12
 Stab: Sleeping          |     1 |     1 ||     2
